AoeStats
← AGCaesar

Arena

508272236Analyzed
1v1 RM · 10d ago on Sep 21, 2026· 18m 8s· 2 players
Game mode
Random Map
Map size
Tiny (2 player)
Population
200
Speed
Normal
Resources
Standard
Victory
Conquest
Starting age
Dark Age
Ending age
Imperial Age
RankedLock teamsTeams togetherTeam positionsShared explorationLock speedFull tech treeHidden civsTurbo modeCheats
Victory
Defeat
🇹🇷 Spanish · Türkiye
1043
+17
🇩🇪 Italians · Germany
1057
-17
✪ BlackJack
10:47 Feudal Age
14:16 Castle Age
13:47 Loom
AGCaesar
10:20 Feudal Age
14:27 Castle Age
12:37 Double-Bit Axe
15:37 Fletching
17:11 Town Watch
Connection lost

Rejoining the realm…

Still unreachable

The connection could not be restored.

Session expired

The server has moved on; the page needs a fresh start.